 Dungeon Crawl Stone Soup version 0.29-a0-341-g24ffce5b50 (webtiles) character file.

Game seed: 15358708928941542456

37 Hubjo the Ducker (level 3, 0/22 HPs)
             Began as a Deep Elf Monk on Apr 20, 2022.
             Slain by Jessica
             ... wielding a +0 dagger
              (6 damage)
             ... on level 2 of the Dungeon.
             The game lasted 00:03:11 (2717 turns).

Hubjo the Ducker (Deep Elf Monk)                    Turns: 2717, Time: 00:03:11

Health: 0/22       AC:  2    Str:  8    XL:     3   Next: 23%
Magic:  7/7        EV: 13    Int: 16    God:
Gold:   73         SH:  0    Dex: 17    Spells: 5/5 levels left

rFire   + . .      SeeInvis .   k - staff of fire
rCold   . . .      Faith    .   (no shield)
rNeg    + . .      Spirit   .   b - +0 robe
rPois   .          Reflect  .   (no helmet)
rElec   .          Harm     .   (no cloak)
rCorr   +          Rampage  .   (no gloves)
Will    .....                   (no boots)
Stlth   +.........              (no amulet)
HPRegen 0.07/turn               d - ring of positive energy
MPRegen 0.10/turn               m - ring of resist corrosion

@: confused, ambrosia-drunk
A: no striking features
a: no special abilities


You were on level 2 of the Dungeon.
You visited 1 branch of the dungeon, and saw 2 of its levels.

You collected 73 gold pieces.

Inventory:

Hand Weapons
 a - a +0 short sword
Armour
 b - a +0 robe (worn)
Magical Staves
 k - a staff of fire (weapon)
Jewellery
 d - a ring of positive energy (left hand)
 m - a ring of resist corrosion (right hand)
Scrolls
 e - a scroll of fear {unknown}
 f - a scroll of magic mapping {unknown}
 g - 3 scrolls of identify {unknown}
 i - a scroll of brand weapon {unknown}
 j - a scroll of blinking {unknown}
Potions
 h - a potion of attraction {unknown}
 l - a potion of brilliance {unknown}


   Skills:
 + Level 2.9 Fighting
 - Level 3.0 Short Blades
 - Level 3.6 Dodging
 + Level 3.5 Stealth
 + Level 1.5 Spellcasting
 * Level 0.4 Fire Magic


You had 5 spell levels left.
You didn't know any spells.
Your spell library was empty.

Dungeon Overview and Level Annotations

Branches:
Dungeon (2/15)

Altars:

Shops:
D:1 =*((

Annotations:
D:2 Jessica


Message History

No target in view!
No target in view!
No target in view!
No target in view!
No target in view!
No target in view!
No target in view!
No target in view!
No target in view!
No target in view!
No target in view!
Jessica is nearby!
Jessica is nearby!
Jessica closely misses you.
You hit Jessica.
Jessica is moderately wounded.
Jessica hits you with a +0 dagger.
You barely miss Jessica.
Jessica is moderately wounded.
Jessica points at you and mumbles some strange words.
Pain shoots through your body!
You hit Jessica but do no damage.
Jessica is moderately wounded.
Jessica casts a spell.
Jessica blinks!
Jessica hits you with a +0 dagger.
You completely miss Jessica.
Jessica is moderately wounded.
Jessica casts a spell at you. Pain shoots through your body!
* * * LOW HITPOINT WARNING * * *
Jessica gestures at you while chanting. Pain shoots through your body!
* * * LOW HITPOINT WARNING * * *
You are too injured to fight recklessly!
You are confused.
You feel invigorated.
Jessica shouts, "I don't like beings like you!"
Jessica hits you with a +0 dagger.
You die...

... ...
#####_#####
#...PP....#
#.P..P.P..#
#.PP......#
#....P..PP#
#....P..#
#.@@....#
#P..P.P.#
#.##...##....# ..
#P..####+## #.#
#..###.# #.# #
#.##...###.####.#
#.##..###.......
#...........##
####.###.....#


You could see Jessica.

Vanquished Creatures
  A dart slug (D:1)
  2 endoplasms
  4 giant cockroaches
  A goblin (D:1)
  4 hobgoblins (D:1)
  3 jackals (D:1)
  3 quokkas (D:1)
  A ball python (D:1)
  3 bats (D:1)
  3 frilled lizards (D:1)
  2 kobolds
  4 rats (D:1)
31 creatures vanquished.

Vanquished Creatures (others)
  A fungus (D:2)
1 creature vanquished.

Grand Total: 32 creatures vanquished

Notes
Turn   | Place    | Note
-------+----------+-------------------------------------------
     0 | D:1      | Hubjo the Deep Elf Monk began the quest for the Orb.
     0 | D:1      | Reached XP level 1. HP: 13/13 MP: 3/3
    16 | D:1      | Found Afoeck's Jewellery Emporium.
   463 | D:1      | Reached XP level 2. HP: 13/18 MP: 3/5
   637 | D:1      | Found Dinleesy's Weapon Emporium.
   652 | D:1      | Reached skill level 1 in Spellcasting
   818 | D:1      | Found Loringuwn's Assorted Antiques.
  1234 | D:1      | Found Fycu's Antique Weapon Shop.
  1264 | D:1      | Reached XP level 3. HP: 16/22 MP: 7/7
  1690 | D:1      | HP: 1/22 [hobgoblin (5)]
  2704 | D:2      | Noticed Jessica
  2705 | D:2      | Found a faded altar of an unknown god.
  2717 | D:2      | Slain by Jessica

Illustrated notes

Levels and vault maps discovered:
D:1:      elethiomel_arrival_shortcut, layout_basic, serial_shops, shop,
          nicolae_shop_stone, nicolae_diamond_shop, nicolae_shop_stone,
          minmay_pentomino_z2
D:2:      layout_loops_corners, shapermc_ecumenical_altar_gd,
          minmay_fountain_box, uniq_jessica

Skill      XL: |  1  2 |
---------------+-------+-----
Stealth        | 3 |  3.5
Spellcasting   | 1 |  1.5
Fighting       | |  2.9
Short Blades   | |  3.0
Dodging        | |  3.6
Fire Magic     | |  0.4

Action                   || total
-------------------------++-------
Melee: Short sword       ||    69
       Staff             ||    76
       Punch             ||     2
  Use: Potion            ||     1
 Stab: Sleeping          ||     6
Armor: Robe              ||    24
Dodge: Dodged            ||   103

Table legend: (Time is in decaauts)
 A = Elapsed time spent in this place.
 B = Non-inter-level travel time spent in this place.
 C = Inter-level travel time spent in this place.
 D = Time resting spent in this place.
 E = Time spent auto-exploring this place.
 F = Levels seen in this place.
 G = Mean time per level.
                   A        B        C        D        E       F      G
               +--------+--------+--------+--------+--------+-----+--------+
         Total |   2727 |   2657 |     70 |    144 |   2131 |   2 | 1363.5 |
       Dungeon |   2727 |   2657 |     70 |    144 |   2131 |   2 | 1363.5 |
               +--------+--------+--------+--------+--------+-----+--------+

Top non-repeatable levels by time:
     D:1: 2080 daAuts
     D:2: 646 daAuts
